 Dungeon Crawl Stone Soup version 0.31-a0-152-g6aa68a6 (webtiles) character file.

Game seed: 97460930727063577

8159 moogleknight the Cleaver (level 11, 0/130 HPs)
             Began as a Human Berserker on June 11, 2023.
             Was a Follower of Trog.
             Slain by a catoblepas (30 damage)
             ... on level 10 of the Dungeon.
             The game lasted 00:14:11 (11554 turns).

moogleknight the Cleaver (Human Berserker)         Turns: 11554, Time: 00:14:11

Health: 0/130      AC: 10    Str: 22    XL:     11   Next: 50%
Magic:  11/11      EV: 15    Int:  7    God:    Trog [*.....]
Gold:   352        SH:  0    Dex: 13    Spells: 10/10 levels left

rFire   + . .        a - +0 hand axe
rCold   . . .        (no shield)
rNeg    . . .        m - +0 steam dragon scales
rPois   .            (no helmet)
rElec   .            i - +1 cloak
rCorr   .            (no gloves)
SInv    +            f - +0 pair of boots
Will    .....        (no amulet) Stlth
                     b - ring of see invisible
HPRegen 0.41/turn    p - ring of protection from fire
MPRegen 0.12/turn

%: no passive effects
@: berserking, very quick
A: no striking features
a: Renounce Religion, Berserk


You were on level 10 of the Dungeon.
You worshipped Trog.
Trog was aware of your devotion.
You visited 1 branch of the dungeon, and saw 10 of its levels.

You collected 352 gold pieces.

Inventory:

Hand Weapons
 a - a +0 hand axe (weapon)
Missiles
 o - a throwing net
Armour
 f - a +0 pair of boots (worn)
 i - a +1 cloak (worn)
 m - +0 steam dragon scales (worn)
Jewellery
 b - a ring of see invisible (left hand)
 p - a ring of protection from fire (right hand)
Wands
 h - a wand of iceblast (22)
 l - a wand of light (9)
 t - a wand of charming (4)
 u - a wand of flame (27)
Scrolls
 c - 3 scrolls of blinking
 g - a scroll of butterflies
 j - 2 scrolls of magic mapping
 n - 3 scrolls of identify
 r - a scroll of fog
 y - a scroll of enchant weapon
Potions
 d - a potion of berserk rage
 e - 2 potions of magic {unknown}
 k - 3 potions of heal wounds
 q - 5 potions of curing
 s - a potion of enlightenment {unknown}
 v - a potion of lignification {unknown}
Miscellaneous
 w - a sack of spiders
 x - a phantom mirror


   Skills:
 + Level 8.6 Fighting
 * Level 11.8 Axes
 + Level 8.4 Armour
 + Level 8.3 Dodging


You had 10 spell levels left.
You didn't know any spells.
Your spell library contained the following spells:

 Spells                   Type           Power      Damage    Failure   Level
 Blink                    Tloc           0%         N/A       56%         2
 Dazzling Flash           Conj/Hex       0%         N/A       80%         3
 Gell's Gravitas          Tloc           0%         N/A       80%         3
 Ozocubu's Armour         Ice            0%         N/A       80%         3
 Teleport Other           Tloc           0%         N/A       80%         3
 Volatile Blastmotes      Fire/Tloc      0%         2d10      80%         3
 Iskenderun's Mystic Bla  Conj/Tloc      0%         2d3       99%         4
 Manifold Assault         Tloc           0%         N/A       99%         4
 Dispersal                Tloc           0%         N/A       100%        6
 Starburst                Conj/Fire      0%         6d3       100%        6
 Ozocubu's Refrigeration  Ice            0%         4d7       100%        7
 Storm Form               Tmut/Air       0%         N/A       100%        7


Dungeon Overview and Level Annotations

Branches:
Dungeon (10/15)            Temple (0/1) D:5
   Lair: D:8-11         Orc: D:9-12

Altars:
Ashenzari
Nemelex Xobeh
Ru
Sif Muna
Uskayaw
Xom
Yredelemnul
Zin

Shops:
D:3 *   D:4 =   D:8 *   D:10 (


Message History

You hit the catoblepas but do no damage.
The catoblepas is lightly wounded.
You slash the catoblepas!
The catoblepas is moderately wounded.
The catoblepas gores you!
You hit the catoblepas but do no damage.
The catoblepas is moderately wounded.
You barely miss the catoblepas.
The catoblepas is moderately wounded.
The catoblepas gores you!!
* * * LOW HITPOINT WARNING * * *
You hit the catoblepas.
The catoblepas is moderately wounded.
You hit the catoblepas.
The catoblepas is heavily wounded.
The catoblepas gores you!
* * * LOW HITPOINT WARNING * * *
You slash the catoblepas!
The catoblepas is heavily wounded.
You hit the catoblepas.
The catoblepas is heavily wounded.
The catoblepas breathes a plume of calcifying dust at you.
The blast of calcifying dust hits you!
* * * LOW HITPOINT WARNING * * *
You hit the catoblepas but do no damage.
The catoblepas is heavily wounded.
The catoblepas gores you!!
* * * LOW HITPOINT WARNING * * *
You hit the catoblepas.
The catoblepas is heavily wounded.
You hit the catoblepas.
The catoblepas is severely wounded.
The catoblepas gores you.
* * * LOW HITPOINT WARNING * * *
You hit the catoblepas.
The catoblepas is severely wounded.
You hit the catoblepas.
The catoblepas is severely wounded.
The catoblepas gores you!!
You die...

#........#
########.# ##
#.## ...
#..## ....
###...#######
.....
#...........#
.....
#.....§.....#
#...
#..###§###..#
##
#..##..§@.#
.. .## ...#
###Y### ..##
+### .....
...# ###.###
...# ... ...+
#:# ...# ...
...# #!# ..##


You could see a catoblepas.

Vanquished Creatures
  Erica (D:8)
  Maggie (D:8)
  2 kobold demonologists
  Grinder (D:5)
  A wyvern (D:8)
  A basilisk (D:10)
  A wraith (D:9)
  A steam dragon (D:6)
  An acid dragon (D:10)
  A water moccasin (D:7)
  2 ice beasts
  A sky beast (D:8)
  3 orc warriors
  A black bear (D:4)
  A centaur (D:9)
  3 ogres
  2 phantoms
  3 bullfrogs
  5 kobold brigands
  6 scorpions
  2 gnoll sergeants (D:7)
  4 killer bees (D:7)
  4 electric eels (D:8)
  2 howler monkeys
  3 jellies
  2 hounds (D:6)
  3 orc priests
  An iguana (D:6)
  A sleepcap (D:5)
  Natasha (thrice) (D:4)
  2 orc wizards
  8 gnolls (D:7)
  6 adders
  A shadow imp (D:6)
  A white imp (D:6)
  2 ufetubi
  A worm (D:2)
  2 dart slugs
  15 orcs
  6 ball pythons
  6 endoplasms
  2 giant cockroaches (D:1)
  A goblin (D:1)
  6 hobgoblins
  5 jackals
  27 kobolds
  3 quokkas
  5 bats
  5 frilled lizards
  3 rats
170 creatures vanquished.

Notes
Turn   | Place    | Note
-------+----------+-------------------------------------------
     0 | D:1      | moogleknight the Human Berserker began the quest for the
                  | Orb.
     0 | D:1      | Reached XP level 1. HP: 18/18 MP: 1/1
   446 | D:1      | Reached XP level 2. HP: 21/24 MP: 2/2
   871 | D:1      | Reached XP level 3. HP: 29/29 MP: 3/3
  1689 | D:3      | Found Qocrikk's General Store.
  1691 | D:3      | Reached ** piety under Trog
  1855 | D:3      | You fall into a shaft and drop 1 floor!
  1890 | D:4      | Found Ummebegi's Jewellery Boutique.
  1890 | D:4      | Noticed a black bear
  1898 | D:4      | Killed a black bear
  1899 | D:4      | Reached skill level 4 in Axes
  1899 | D:4      | Reached XP level 4. HP: 37/37 MP: 4/4
  1899 | D:4      | Reached XP level 5. HP: 42/42 MP: 5/5
  1982 | D:4      | Found a sacrificial altar of Ru.
  2055 | D:4      | Noticed Natasha
  2061 | D:4      | Killed Natasha
  2216 | D:4      | Found a shimmering altar of Xom.
  2319 | D:4      | Noticed an ogre
  2325 | D:4      | Killed an ogre
  2326 | D:4      | Reached XP level 6. HP: 48/48 MP: 6/6
  2829 | D:4      | Noticed Natasha
  2842 | D:4      | Killed Natasha
  2843 | D:4      | Reached skill level 5 in Axes
  3202 | D:4      | Reached XP level 7. HP: 38/54 MP: 7/7
  3519 | D:4      | Found a glowing silver altar of Zin.
  3571 | D:5      | Entered Level 5 of the Dungeon
  3601 | D:4      | Noticed Natasha
  3918 | D:4      | Killed Natasha
  4451 | D:5      | Noticed Grinder
  4462 | D:5      | Killed Grinder
  4463 | D:5      | Reached skill level 6 in Axes
  4463 | D:5      | Reached XP level 8. HP: 61/61 MP: 8/8
  4675 | D:5      | Found a staircase to the Ecumenical Temple.
  4982 | D:6      | Reached skill level 5 in Fighting
  5602 | D:6      | Reached skill level 7 in Axes
  6104 | D:6      | Reached skill level 5 in Armour
  6104 | D:6      | Reached XP level 9. HP: 68/68 MP: 9/9
  6107 | D:6      | Reached skill level 5 in Dodging
  7198 | D:7      | Reached skill level 8 in Axes
  8334 | D:7      | Reached skill level 11 in Axes
  8334 | D:7      | Reached XP level 10. HP: 80/80 MP: 10/10
  8417 | D:8      | Noticed Maggie
  8431 | D:8      | Killed Maggie
  8432 | D:8      | Reached XP level 11. HP: 86/86 MP: 11/11
  8600 | D:8      | Found a broken altar of Ashenzari.
  9346 | D:8      | Found Oxocsol's General Store.
  9656 | D:8      | Noticed Erica
  9672 | D:8      | Killed Erica
 10431 | D:9      | Found a shimmering blue altar of Sif Muna.
 11024 | D:9      | Found a hide-covered altar of Uskayaw.
 11024 | D:9      | Found a faded altar of an unknown god.
 11031 | D:9      | Found a faded altar of an unknown god.
 11033 | D:9      | Found a basalt altar of Yredelemnul.
 11035 | D:9      | Found a sparkling altar of Nemelex Xobeh.
 11129 | D:10     | Entered Level 10 of the Dungeon
 11130 | D:10     | Found Ceehydaasy's Weapon Shoppe.
 11532 | D:10     | Noticed a catoblepas
 11554 | D:10     | Slain by a catoblepas

Illustrated notes

Levels and vault maps discovered:
D:1:      dpeg_arrival_prison, layout_basic, corexii_hall_statues_x,
          minmay_tetromino_s2
D:2:      layout_rooms
D:3:      layout_basic, mainiacjoe_overflow_six_doors_small, serial_shops, shop
D:4:      layout_basic, lemuel_coloured_pillars_altar,
          mainiacjoe_overflow_small_starburst, hangedman_ru_absence,
          serial_shops, nicolae_shop_gaudy_bauble, uniq_natasha
D:5:      layout_basic, minmay_temple_entry_antechambers, uniq_grinder
D:6:      layout_basic, lexackson_kobold_supper
D:7:      layout_basic
D:8:      layout_gridville, nicolae_ashenzari_skybound, serial_shops,
          nicolae_shop_just_a_little_nook, serial_bayou, serial_bayou_pond_d,
          serial_bayou_pond_c, serial_bayou_pond_c, serial_bayou_lagoon_b,
          uniq_maggie, uniq_erica
D:9:      layout_basic, chequers_temple_overflow_minitemple,
          kennysheep_little_box
D:10:     minmay_the_grid_octo_tiled_octocenter [minmay_the_grid_octo_empty,
          minmay_the_grid_octo_teeth, minmay_the_grid_octo_checkerflower,
          minmay_the_grid_octo_77, minmay_the_grid_octo_prize_single_spiral,
          minmay_the_grid_square_5x5_bracketed,
          minmay_the_grid_square_5x5_almost_minimal,
          minmay_the_grid_square_5x5_half_checkered,
          minmay_the_grid_square_5x5_six_small], layout_loops_cross,
          gammafunk_temple_overflow_forgotten, nicolae_overflow_crystal_walls,
          mainiacjoe_overflow_24_doors, nicolae_shop_distant_corner_stores,
          minmay_pinched_square

Skill      XL: |  1  2  3  4  5  6  7  8  9 10 11 |
---------------+----------------------------------+-----
Axes           | 4 5 6 7 11 | 11.8
Armour         | 3 4 5 7 8 |  8.4
Dodging        | 3 4 7 8 |  8.3
Fighting       | 4 5 8 |  8.6

Action                     |  1- 3 |  4- 6 |  7- 9 | 10-12 || total
---------------------------+-------+-------+-------+-------++-------
  Melee: Hand axe          |   108 |    66 |   332 |   187 ||   693
         Punch             |     1 |       |     1 |     1 ||     3
 Invoke: Berserk           |     3 |     4 |    19 |    15 ||    41
         Trog's Hand       |       |       |     5 |     2 ||     7
  Evoke: Wand              |       |       |     5 |     5 ||    10
    Use: Scroll            |       |     4 |     8 |     3 ||    15
         Potion            |       |       |     8 |       ||     8
 Armour: Scale mail        |    51 |    23 |   120 |     1 ||   195
         Animal skin       |     1 |       |       |       ||     1
         Steam dragon scal |       |       |       |    21 ||    21
  Dodge: Dodged            |    72 |    34 |   187 |    85 ||   378

Table legend: (Time is in decaauts)
 A = Elapsed time spent in this place.
 B = Non-inter-level travel time spent in this place.
 C = Inter-level travel time spent in this place.
 D = Time resting spent in this place.
 E = Time spent auto-exploring this place.
 F = Levels seen in this place.
 G = Mean time per level.
                   A        B        C        D        E       F      G
               +--------+--------+--------+--------+--------+-----+--------+
         Total |  11940 |  11767 |    173 |   6279 |   4023 |  10 | 1194.0 |
       Dungeon |  11940 |  11767 |    173 |   6279 |   4023 |  10 | 1194.0 |
               +--------+--------+--------+--------+--------+-----+--------+

Top non-repeatable levels by time:
     D:6: 2229 daAuts
     D:4: 2043 daAuts
     D:8: 1579 daAuts
     D:9: 1332 daAuts
     D:7: 1253 daAuts
     D:1: 1026 daAuts
     D:5: 904 daAuts
     D:2: 698 daAuts
    D:10: 437 daAuts
     D:3: 437 daAuts
